 Dungeon Crawl Stone Soup version 0.31.0 (webtiles) character file.

Game seed: 11662981825685448484

177 qw the Shooter (level 5, -1/32 HPs)
             Began as a Gargoyle Hunter on Jan 20, 2024.
             Incinerated by a bombardier beetle (6 damage)
             ... with a burning spray
             ... on level 4 of the Dungeon.
             The game lasted 00:00:09 (2404 turns).

qw the Shooter (Gargoyle Hunter)                    Turns: 2404, Time: 00:00:09

Health: -1/32      AC:  9    Str: 20    XL:     5   Next: 57%
Magic:  0/5        EV: 11    Int: 10    God:
Gold:   215        SH:  0    Dex: 15    Spells: 4/4 levels left

rFire   . . .        a - +1 shortbow
rCold   . . .        (shield currently unavailable)
rNeg    + . .        i - +0 ring mail
rPois   inf          (no helmet)
rElec   +            (no cloak)
rCorr   .            (no gloves)
SInv    .            (no boots)
Will    .....        h - amulet of guardian spirit
Stlth   +            p - +6 ring of strength
HPRegen 0.25/turn    (no ring)
MPRegen 0.09/turn

%: guardian spirit
@: on fire, about to teleport, glowing
A: sickness immunity, AC +4, negative energy resistance 1, electricity
resistance, torment resistance 1, petrification resistance
a: no special abilities


You were on level 4 of the Dungeon.
You visited 1 branch of the dungeon, and saw 4 of its levels.

You collected 215 gold pieces.


Innate Abilities, Weirdness & Mutations

You are immune to sickness and miasma.
Your stone body is resilient. (AC +4)
You are immune to poison.
You resist negative energy. (rN+)
You are resistant to electric shocks. (rElec)
You are resistant to unholy torment.
You are immune to petrification.


   Skills:
 + Level 3.4 Fighting
 - Level 6.0 Ranged Weapons
 - Level 1.0 Armour
 - Level 1.5 Dodging
 - Level 1.1 Stealth


You had 4 spell levels left.
You didn't know any spells.
Your spell library was empty.

Inventory:

Hand Weapons
 a - a +1 shortbow (weapon)
Armour
 i - a +0 ring mail (worn)
Jewellery
 h - an amulet of guardian spirit (around neck)
 k - a ring of see invisible
 p - a +6 ring of strength (left hand)
Wands
 e - a wand of light (5)
 l - a wand of flame (27)
Scrolls
 b - a scroll of identify
Potions
 c - a potion of lignification {unknown}
 f - a potion of heal wounds
 g - a potion of haste
 j - a potion of curing
 m - a potion of might {unknown}
 o - a potion of attraction {unknown}

Dungeon Overview and Level Annotations

Branches:
Dungeon (4/15)
 Temple: D:4-7

Altars:

Annotations:
D:2 1 runed translucent door, Crazy Yiuf
D:4 1 runed translucent door, qw's ghost, novice GrHu


Message History

You shoot an arrow. The arrow hits the adder!
You kill the adder!
A bombardier beetle comes into view.
The bombardier beetle sprays incendiary fluid at you.
The burning spray hits you.
You are covered in liquid fire!
You shoot an arrow.
The arrow barely misses the bombardier beetle.
The liquid fire burns you!
You shoot an arrow. The arrow hits the bombardier beetle.
The bombardier beetle is moderately wounded.
The liquid fire burns you!
The bombardier beetle sprays incendiary fluid at you.
The burning spray hits you.
You are even more covered in liquid fire!
You shoot an arrow.
The arrow barely misses the bombardier beetle.
The liquid fire burns you!
The bombardier beetle sprays incendiary fluid at you.
The burning spray misses you.
You shoot an arrow.
The arrow barely misses the bombardier beetle.
The liquid fire burns you!
You shoot an arrow. The arrow hits the bombardier beetle.
The bombardier beetle is heavily wounded.
The liquid fire burns you!
You shoot an arrow. The arrow hits the bombardier beetle!
The bombardier beetle is almost dead.
The liquid fire burns you!
The bombardier beetle bites you but does no damage.
You shoot an arrow.
The arrow hits the bombardier beetle but does no damage.
The bombardier beetle is almost dead.
The liquid fire burns you!
The bombardier beetle barely misses you.
2404 ||| READING scroll of teleportation.
As you read the scroll of teleportation, it crumbles to dust.
You feel strangely unstable. The liquid fire burns you!
You die...

## ## .. .. .#
## .# #######
.# #.....# .#
#.###.###B# #
#.# #...@.#
#.##.###.#####
#. #........#
.. ####.#.###
.# #.#... #
#.####.# #
########.## ..
.. ..........#
### #.
.#######..# .#
##


You could see a bombardier beetle.

Vanquished Creatures
  An orc priest (D:4)
  An orc wizard (D:4)
  6 adders
  3 dart slugs
  4 orcs (D:4)
  3 endoplasms (D:2)
  A giant cockroach (D:2)
  4 goblins
  3 hobgoblins (D:2)
  3 jackals (D:1)
  4 quokkas
  7 ball pythons
  6 bats
  2 frilled lizards (D:1)
  8 kobolds
  7 rats
63 creatures vanquished.

Notes
Turn   | Place    | Note
-------+----------+-------------------------------------------
     0 | D:1      | qw the Gargoyle Hunter began the quest for the Orb.
     0 | D:1      | Reached XP level 1. HP: 12/12 MP: 1/1
     0 | D:1      | 0 ||| qw: Version: 0.3-a-132-g3d54051
     0 | D:1      | 0 ||| qw: Game counter: 480
     0 | D:1      | 0 ||| qw: Melee chars always use a shield: true
     0 | D:1      | 0 ||| qw: God list: Okawaru
     0 | D:1      | 0 ||| qw: Allow faded altars: false
     0 | D:1      | 0 ||| qw: Do Orc after clearing Dungeon:15 true
     0 | D:1      | 0 ||| qw: Do second Lair branch before Depths: true
     0 | D:1      | 0 ||| qw: Lair rune preference: random
     0 | D:1      | 0 ||| qw: Goals: Normal
     0 | D:1      | 0 ||| PLANNING D:1-11
    99 | D:1      | Found a faded altar of an unknown god.
   320 | D:1      | Reached XP level 2. HP: 17/17 MP: 2/2
   600 | D:1      | 600 ||| READING 3 scrolls labelled ITWYCE UH ITZ.
   604 | D:1      | 604 ||| READING 3 scrolls labelled BYRPHU PU TAERR.
   604 | D:1      | 604 ||| IDENTIFYING scroll labelled TIUPHYT DOEXTE
   605 | D:1      | 605 ||| DROPPING scroll of butterflies.
   606 | D:1      | 606 ||| DROPPING scroll of immolation.
   629 | D:2      | 629 ||| STAIRDANCE
   637 | D:1      | HP: 3/17 [ribbon worm (3)]
   638 | D:1      | 638 ||| READING 2 scrolls of teleportation.
   766 | D:2      | 766 ||| FLEEEEING.
   798 | D:2      | Reached XP level 3. HP: 21/21 MP: 3/3
   837 | D:2      | Reached skill level 5 in Ranged Weapons
   905 | D:2      | Found a runed translucent door.
   906 | D:2      | Noticed Crazy Yiuf
  1154 | D:2      | Reached skill level 3 in Fighting
  1154 | D:2      | Reached XP level 4. HP: 28/28 MP: 4/4
  1435 | D:2      | 1435 ||| UPGRADING to +0 ring mail.
  1445 | D:2      | 1445 ||| DROPPING +0 leather armour.
  1446 | D:2      | 1446 ||| UPGRADING to amulet of guardian spirit.
  1451 | D:2      | 1451 ||| READING 2 scrolls of identify.
  1451 | D:2      | 1451 ||| IDENTIFYING fizzy green potion
  1452 | D:2      | 1452 ||| READING scroll of identify.
  1452 | D:2      | 1452 ||| IDENTIFYING bubbling amethyst potion
  1453 | D:2      | 1453 ||| DROPPING potion of magic.
  1729 | D:3      | Reached skill level 1 in Armour
  1935 | D:3      | 1935 ||| UPGRADING to +6 ring of strength.
  1936 | D:3      | 1936 ||| READING scroll of identify.
  1936 | D:3      | 1936 ||| IDENTIFYING amethyst potion
  1937 | D:3      | 1937 ||| READING 3 scrolls labelled YMOJEZ AS RAM.
  1938 | D:3      | 1938 ||| FLEEEEING.
  1950 | D:3      | 1950 ||| READING scroll labelled FOMUCA KAOTATA.
  1951 | D:3      | 1951 ||| READING scroll labelled NARIZO XAKYNTU.
  1951 | D:3      | 1951 ||| ENCHANTING +0 shortbow.
  1952 | D:3      | 1952 ||| DRINKING 2 black potions.
  1953 | D:3      | 1953 ||| DROPPING 2 scrolls of torment.
  2085 | D:4      | Found a runed translucent door.
  2108 | D:4      | Reached XP level 5. HP: 20/32 MP: 3/5
  2124 | D:4      | 2124 ||| FLEEEEING.
  2133 | D:4      | Noticed qw's ghost (novice GrHu)
  2259 | D:4      | Reached skill level 6 in Ranged Weapons
  2403 | D:4      | HP: 5/32 [burnt (7)]
  2404 | D:4      | 2404 ||| READING scroll of teleportation.
  2404 | D:4      | Incinerated by a bombardier beetle

Levels and vault maps discovered:
D:1:      minmay_arrival_doors, layout_loops_ring,
          shapermc_ecumenical_altar_acropolis
D:2:      layout_loops_ring, uniq_crazy_yiuf_cottage
D:3:      layout_rooms, minmay_fractal_squares_gapless_5
D:4:      layout_loops_ring, gammafunk_ghost_grave

Skill      XL: |  1  2  3  4  5 |
---------------+----------------+-----
Ranged Weapons | 5 6 |  6.0
Fighting       | 3 |  3.4
Armour         | 1 |  1.0
Dodging        | |  1.5
Stealth        | |  1.1

Action                     |  1- 3 |  4- 6 || total
---------------------------+-------+-------++-------
   Fire: Shortbow          |    96 |   104 ||   200
    Use: Scroll            |     3 |     7 ||    10
         Potion            |       |     1 ||     1
 Armour: Leather armour    |    25 |     7 ||    32
         Ring mail         |       |    31 ||    31
  Dodge: Dodged            |    21 |    36 ||    57

Table legend:
 A = Non-vault XP
 B = Vault XP
 C = Vault XP percentage of total XP
 D = Non-vault monster count
 E = Vault monster count
 F = Vault count percentage of total count
                 A         B        C        D         E       F
            +---------+---------+-------+---------+---------+-------
      Total |     220 |      34 |  13.4 |      57 |       6 |   9.5
            +---------+---------+-------+---------+---------+-------
        D:1 |      23 |       0 |   0.0 |      16 |       0 |   0.0
        D:2 |      68 |       0 |   0.0 |      23 |       0 |   0.0
        D:3 |      19 |      34 |  64.2 |       6 |       6 |  50.0
        D:4 |     110 |       0 |   0.0 |      12 |       0 |   0.0
            +---------+---------+-------+---------+---------+-------
